 Dungeon Crawl Stone Soup version 0.31.0-2-g5a2aebc5c2 (webtiles) character file.

Game seed: 10399637571750445658

9 Arctor the Vexing (level 2, -1/16 HPs)
             Began as a Kobold Hexslinger on Jan 20, 2024.
             Slain by a gnoll
             ... wielding a +0 spear
              (5 damage)
             ... on level 1 of the Dungeon.
             The game lasted 00:00:07 (244 turns).

Arctor the Vexing (Kobold Hexslinger)                Turns: 244, Time: 00:00:08

Health: -1/16      AC:  2    Str:  5    XL:     2   Next: 25%
Magic:  3/3        EV: 15    Int: 14    God:
Gold:   0          SH:  0    Dex: 17    Spells: 3/3 levels left

rFire   . . .        a - +1 sling
rCold   . . .        (no shield)
rNeg    . . .        c - +0 robe
rPois   .            (no helmet)
rElec   .            (no cloak)
rCorr   .            (no gloves)
SInv    .            (no boots)
Will    .....        (no amulet)
Stlth   +++          (no ring)
HPRegen 0.22/turn    (no ring)
MPRegen 0.08/turn

%: no passive effects
@: no status effects
A: small, no large weapons, nightstalker 3
a: no special abilities


You were on level 1 of the Dungeon.
You visited 1 branch of the dungeon, and saw 1 of its levels.

Inventory:

Hand Weapons
 a - a +1 sling (weapon)
Armour
 c - a +0 robe (worn)
Scrolls
 b - a scroll of poison
 d - 3 scrolls of amnesia {unknown}
 e - a scroll of teleportation {unknown}
 f - a scroll of identify {unknown}
Potions
 g - a potion of might {unknown}


   Skills:
 + Level 1.4 Fighting
 + Level 2.9 Ranged Weapons
 + Level 2.5 Dodging
 + Level 1.2 Spellcasting
 + Level 3.1 Hexes
 + Level 1.2 Fire Magic


You had 3 spell levels left.
You didn't know any spells.
Your spell library contained the following spells:

 Spells                   Type           Power      Damage    Failure   Level
 Jinxbite                 Hex            18%        N/A       11%         2
 Sigil of Binding         Hex            9%         N/A       22%         3
 Inner Flame              Hex/Fire       6%         N/A       32%         3
 Cause Fear               Hex            4%         N/A       56%         4
 Dimensional Bullseye     Hex/Tloc       2%         N/A       80%         4


Dungeon Overview and Level Annotations

Branches:
Dungeon (1/15)

Altars:


Innate Abilities, Weirdness & Mutations

You are small and have problems with some larger weapons.
You are completely attuned to the shadows.


Message History

A bat comes into view.
There are monsters nearby!
You shoot a sling bullet. The sling bullet hits the gnoll!
The gnoll is heavily wounded.
The bat hits you but does no damage.
The gnoll hits you from afar with a +0 spear.
There are monsters nearby!
You shoot a sling bullet.
The sling bullet completely misses the gnoll.
The bat barely misses you.
The gnoll hits you from afar with a +0 spear.
There are monsters nearby!
You are too injured to fight recklessly!
You are too injured to fight recklessly!
You are too injured to fight recklessly!
You are too injured to fight recklessly!
Unknown command.
Fire: a) +1 sling
Press: ? - help, Q - select action Shift-Dir - straight line, f/p - gnoll
Aim: a gnoll, wielding a +0 spear (heavily wounded, 63% to hit)
You shoot a sling bullet.
The sling bullet barely misses the gnoll.
The bat hits you but does no damage. The gnoll barely misses you.
Fire: a) +1 sling
Press: ? - help, Q - select action Shift-Dir - straight line, f/p - gnoll
Aim: a gnoll, wielding a +0 spear (heavily wounded, 63% to hit)
You shoot a sling bullet. The sling bullet hits the gnoll.
The gnoll is almost dead.
The bat barely misses you. The gnoll completely misses you.
The gnoll hits you from afar with a +0 spear.
* * * LOW HITPOINT WARNING * * *
Fire: a) +1 sling
Press: ? - help, Q - select action Shift-Dir - straight line, f/p - gnoll
Aim: a gnoll, wielding a +0 spear (severely wounded, 63% to hit)
You shoot a sling bullet.
The sling bullet closely misses the gnoll.
The bat hits you.
* * * LOW HITPOINT WARNING * * *
The gnoll hits you from afar with a +0 spear.
You die...

#≈≈....≈≈#######.#
##≈≈≈≈≈≈## ##'##
######## ##...## #
#.##.....## #
#.#..†....## ## .
###..........####. (.
.............+....
...###..........####.
..gb@..#.......## ##
.#.######.....## # ..
##...## . ##'## #.#
#.# #.# ...


You could see a gnoll and a bat.

Vanquished Creatures
  An endoplasm (D:1)
  A giant cockroach (D:1)
  2 jackals (D:1)
  A ball python (D:1)
  2 bats (D:1)
  A frilled lizard (D:1)
  A rat (D:1)
9 creatures vanquished.

Notes
Turn   | Place    | Note
-------+----------+-------------------------------------------
     0 | D:1      | Arctor the Kobold Hexslinger began the quest for the Orb.
     0 | D:1      | Reached XP level 1. HP: 12/12 MP: 2/2
   157 | D:1      | Reached XP level 2. HP: 16/16 MP: 3/3
   244 | D:1      | Slain by a gnoll

Illustrated notes

Levels and vault maps discovered:
D:1:      kennysheep_arrival_seaside, layout_loops_corners,
          kennysheep_another_room

Action                     || total
---------------------------++-------
   Fire: Sling             ||    21
 Armour: Robe              ||     8
  Dodge: Dodged            ||     6
